Map: Jagannatha LE

Players

Pacomike - Winner!

  • Race: Protoss Protoss

Erik

  • Race: Zerg Zerg

Event: DreamHack SC2 Masters 2021 Winter

VOD

Have the link to the VOD?

Description

Time

  • Played on: Sept. 30, 2021, 3:41 p.m.
  • Length: 19:53

All games in this series

Show
View Real Time Build Order
Export as new Build Order

Pacomike Protoss - Winner!

Build Orders: Carriers 

Get SALT Encoding   

  12  0:00  Probe  
  13  0:12  Probe  
  14  0:18  Pylon  
  14  0:24  Probe (Chrono Boost)  
  15  0:37  Probe (Chrono Boost)  
  15  0:38  Gateway  
  16  0:45  Probe (Chrono Boost)  
  16  0:47  Assimilator  
  17  0:51  Probe  
  18  1:03  Probe  
  19  1:10  Pylon  
  19  1:15  Probe  
  20  1:25  Zealot (Chrono Boost), Cybernetics Core  
  20  1:28  Probe  
  23  1:43  Zealot, Probe  
  26  1:55  Pylon  
  26  1:56  Probe  
  27  2:07  Adept (Chrono Boost)  
  27  2:08  Probe  
  30  2:20  Probe  
  31  2:25  Cybernetics Core  
  31  2:37  Pylon  
  31  2:38  Assimilator  
  30  2:51  Nexus  
  30  2:57  Probe  
  31  3:11  Stargate  
  31  3:12  Probe  
  32  3:16  Warp Gate  
  32  3:22  Adept  
  32  3:24  Probe (Chrono Boost)  
  35  3:36  Probe (Chrono Boost)  
  36  3:41  Probe (Chrono Boost)  
  36  3:43  Pylon  
  37  3:50  Probe  
  37  3:53  Void Ray (Chrono Boost)  
  37  3:54  Assimilator  
  38  3:56  Assimilator  
  38  4:02  Adept  
  43  4:10  Probe (Chrono Boost)  
  43  4:14  Probe (Chrono Boost)  
  42  4:17  Shield Battery  
  42  4:23  Void Ray (Chrono Boost)  
  43  4:26  Probe (Chrono Boost)  
  43  4:27  Probe (Chrono Boost)  
  48  4:33  Probe (Chrono Boost)  
  49  4:39  Probe  
  49  4:40  Stargate  
  50  4:48  Probe  
  50  4:51  Probe  
  48  5:01  Void Ray, Probe (Chrono Boost)  
  48  5:03  Probe (Chrono Boost)  
  48  5:04  Gateway  
  55  5:15  Probe (Chrono Boost)  
  55  5:19  Probe (Chrono Boost)  
  56  5:22  Probe (Chrono Boost)  
  56  5:23  Void Ray, Nexus  
  56  5:24  Pylon  
  56  5:28  Probe  
  61  5:40  Void Ray  
  61  5:42  Probe  
  62  5:47  Adept, Probe  
  69  5:54  Nexus  
  69  5:57  Probe, Shield Battery  
  70  6:08  Protoss Air Weapons Level 1 (Chrono Boost)  
  70  6:19  Fleet Beacon  
  70  6:22  Pylon  
  70  6:25  Pylon  
  70  6:35  Twilight Council  
  70  6:39  Forge  
  72  6:40  Probe x2  
  72  6:47  Void Ray  
  72  6:48  Void Ray  
  72  6:52  Probe x2  
  78  6:59  Gateway  
  78  7:00  Gateway  
  82  7:02  Pylon, Flux Vanes  
  82  7:04  Probe  
  82  7:05  Probe  
  82  7:08  Probe  
  85  7:12  Assimilator  
  85  7:14  Assimilator  
  81  7:16  Probe  
  81  7:17  Probe  
  81  7:20  Probe  
  80  7:24  Void Ray  
  80  7:25  Void Ray  
  80  7:28  Probe  
  80  7:29  Probe  
  82  7:35  Probe  
  91  7:37  Charge  
  91  7:40  Probe  
  91  7:42  Probe  
  91  7:43  Gateway x2  
  93  7:47  Probe  
  93  7:50  Pylon  
  94  7:52  Probe, Pylon  
  94  7:54  Probe  
  96  7:59  Robotics Facility, Probe  
  96  8:03  Pylon  
  97  8:05  Probe  
  104  8:16  Carrier (Chrono Boost)  
  104  8:24  Gateway  
  104  8:25  Gateway  
  104  8:27  Carrier (Chrono Boost), Protoss Ground Weapons Level 1 (Chrono Boost)  
  104  8:28  Photon Cannon  
  110  8:38  Pylon  
  110  8:56  Nexus  
  110  8:59  Photon Cannon, Probe  
  110  9:00  Probe  
  110  9:01  Shield Battery  
  112  9:05  Carrier (Chrono Boost)  
  112  9:09  Observer, Probe, Templar Archives  
  120  9:11  Probe  
  120  9:12  Probe  
  122  9:23  Stalker x3  
  127  9:27  Probe  
  127  9:29  Probe  
  126  9:34  Probe  
  123  9:39  Probe  
  123  9:41  Photon Cannon, Probe  
  123  9:42  Carrier (Chrono Boost)  
  124  9:46  Probe  
  124  9:52  Probe, Shield Battery  
  132  10:02  Probe  
  130  10:09  Carrier (Chrono Boost)  
  128  10:14  Probe (Chrono Boost)  
  128  10:20  Probe x3 (Chrono Boost)  
  134  10:25  Probe (Chrono Boost)  
  138  10:28  Probe x3 (Chrono Boost)  
  138  10:30  Assimilator x2  
  138  10:31  Probe  
  139  10:38  Carrier (Chrono Boost)  
  139  10:39  Probe x2  
  145  10:52  Zealot x2  
  145  10:53  Zealot x5  
  151  10:59  Protoss Ground Weapons Level 2  
  151  11:02  Pylon  
  151  11:03  Pylon  
  151  11:06  High Templar  
  153  11:13  Protoss Air Weapons Level 2 (Chrono Boost)  
  153  11:14  High Templar  
  155  11:18  Pylon  
  155  11:20  Pylon  
  155  11:25  Probe x3  
  156  11:28  Photon Cannon, Archon  
  156  11:29  High Templar x3  
  156  11:30  Zealot  
  156  11:31  Zealot, High Templar  
  165  11:33  Probe  
  165  11:36  Archon  
  165  11:37  Probe x3, Archon  
  169  11:41  Psionic Storm  
  169  11:45  Probe, Pylon  
  170  11:47  Photon Cannon  
  170  11:49  Probe x3  
  173  11:57  Probe  
  173  12:00  Stalker x4  
  142  12:23  Carrier x2 (Chrono Boost)  
  142  12:27  Zealot x6  
  142  12:28  Zealot  
  162  12:39  Photon Cannon  
  162  12:40  Photon Cannon  
  162  12:43  High Templar  
  164  12:47  High Templar x5  
  172  12:55  Nexus  
  170  13:01  Pylon  
  170  13:02  Pylon  
  170  13:07  Stargate  
  170  13:09  Robotics Bay  
  170  13:13  Pylon  
  170  13:15  Photon Cannon  
  170  13:20  Zealot x4  
  170  13:21  Zealot x2  
  174  13:32  Zealot  
  174  13:33  Zealot  
  170  13:35  Robotics Bay  
  170  13:40  Probe  
  170  13:41  Probe  
  156  13:55  High Templar x2  
  156  13:56  High Templar x4  
  158  14:02  Archon  
  158  14:03  Archon  
  158  14:23  Carrier  
  158  14:24  Carrier, Pylon  
  170  14:28  Photon Cannon  
  170  14:30  Photon Cannon  
  170  14:32  Zealot x6  
  182  14:47  Archon x2  
  172  15:07  Carrier  
  172  15:09  Zealot x2  
  172  15:10  Zealot x3  
  178  15:18  Archon  
  161  15:25  Zealot x3  
  161  15:28  Carrier  
  151  15:36  Zealot x2, Probe  
  155  15:44  Probe x3  
  158  15:56  High Templar x3  
  152  16:05  High Templar x3  
  158  16:18  Archon x2  
  157  16:19  Archon, High Templar  
  157  16:20  High Templar  
  157  16:22  Void Ray  
  157  16:23  Void Ray  
  168  16:48  Disruptor  
  171  16:56  High Templar x2  
  171  16:57  High Templar  
  177  17:05  Nexus  
  177  17:11  Adept  
  177  17:15  Pylon  
  179  17:17  Pylon  
  179  17:33  Disruptor  
  182  17:48  Void Ray x2  
  182  17:56  High Templar x2  
  194  18:10  Void Ray  
  198  18:40  Assimilator x2  
  198  18:42  Photon Cannon  
  198  18:43  Photon Cannon x2, Shield Battery  
  190  19:07  Zealot  
  190  19:08  Zealot x4  
  191  19:18  Photon Cannon  
  196  19:41  Archon  
  184  19:46  Zealot x5  
Show
View Real Time Build Order
Export as new Build Order

Erik Zerg 

Build Orders: Pool First 

Get SALT Encoding   

  12  0:17  Spawning Pool  
  11  0:22  Drone  
  11  0:26  Drone  
  13  0:30  Drone  
  14  0:40  Overlord  
  14  1:05  Zergling x6  
  17  1:17  Zergling x2  
  18  1:25  Hatchery  
  17  1:28  Zergling x2  
  18  1:38  Zergling x2  
  19  1:49  Zergling x2  
  20  2:03  Zergling x2  
  22  2:11  Hatchery  
  20  2:22  Hatchery  
  18  2:25  Drone x2  
  19  2:33  Drone  
  19  2:36  Extractor  
  19  2:37  Queen, Extractor  
  22  2:44  Overlord  
  22  3:04  Drone x2  
  24  3:16  Queen  
  24  3:18  Drone  
  26  3:30  Zergling x2  
  27  3:35  Zergling x4  
  27  3:39  Queen  
  31  3:45  Drone  
  31  3:47  Hatchery  
  31  3:50  Drone  
  30  4:03  Drone x4  
  30  4:06  Drone  
  35  4:19  Overlord  
  35  4:22  Metabolic Boost  
  35  4:25  Overlord  
  35  4:30  Drone  
  35  4:45  Drone  
  35  4:46  Drone x4  
  35  4:51  Queen  
  35  4:52  Drone x3  
  44  5:04  Drone x3  
  44  5:06  Drone  
  48  5:09  Queen  
  50  5:17  Overlord  
  50  5:21  Overlord  
  50  5:25  Overlord  
  50  5:34  Queen  
  49  5:36  Drone x6  
  49  5:38  Drone  
  53  5:43  Drone x2  
  53  5:45  Drone  
  53  5:47  Drone  
  53  5:48  Drone  
  58  5:53  Drone x2  
  58  5:55  Drone  
  61  6:01  Drone x4  
  65  6:05  Spore Crawler  
  65  6:07  Spore Crawler  
  65  6:10  Spore Crawler  
  62  6:11  Drone, Spore Crawler  
  62  6:12  Drone  
  62  6:16  Drone x3  
  66  6:21  Lair  
  66  6:27  Overlord  
  66  6:29  Drone  
  66  6:30  Roach Warren, Extractor  
  66  6:32  Drone x2  
  66  6:35  Drone x3  
  66  6:39  Overlord  
  69  6:45  Extractor  
  69  6:46  Extractor  
  69  6:47  Extractor  
  69  6:48  Queen  
  69  6:49  Spore Crawler  
  69  6:55  Drone x5  
  69  7:00  Drone x3  
  69  7:01  Drone x2  
  79  7:04  Extractor  
  78  7:22  Spire  
  75  7:27  Hatchery  
  74  7:33  Queen x2  
  77  7:38  Overlord  
  77  7:39  Hatchery  
  77  7:42  Drone x3  
  77  7:43  Drone x3  
  82  7:49  Overlord x3  
  82  7:52  Overlord  
  82  8:34  Mutalisk x8  
  82  8:40  Queen x2  
  102  8:41  Zergling x14  
  102  8:45  Infestation Pit  
  108  8:53  Roach x5  
  108  8:55  Roach  
  120  9:02  Queen  
  122  9:03  Queen  
  122  9:05  Glial Reconstitution  
  124  9:10  Evolution Chamber  
  124  9:12  Evolution Chamber  
  124  9:15  Overlord  
  124  9:16  Overlord  
  122  9:17  Roach x5  
  130  9:28  Drone x5  
  135  9:37  Drone x12  
  147  9:42  Drone  
  147  9:44  Queen  
  147  9:45  Queen  
  150  9:54  Pathogen Glands  
  150  10:00  Extractor  
  150  10:01  Extractor  
  150  10:06  Overlord  
  148  10:15  Overlord  
  143  10:28  Infestor  
  143  10:29  Infestor x4  
  143  10:32  Overlord  
  143  10:33  Overlord x2  
  151  10:37  Infestor x2  
  139  11:08  Hatchery  
  139  11:10  Hive  
  139  11:11  Queen x2  
  138  11:13  Zerg Ground Armor Level 1  
  138  11:14  Zerg Melee Weapons Level 1  
  138  11:16  Roach x5  
  138  11:17  Roach x8  
  168  11:25  Hatchery  
  167  11:36  Zergling x2  
  167  11:37  Zergling x26  
  167  11:38  Zergling x8  
  185  11:42  Overlord  
  158  12:21  Infestor x6  
  164  12:36  Zergling x22  
  175  12:38  Drone, Queen x2, Ultralisk Cavern  
  175  12:39  Queen x2  
  175  12:41  Drone  
  175  12:42  Drone x3  
  187  12:46  Roach  
  187  12:47  Roach x2  
  190  12:52  Roach x2  
  190  12:56  Adrenal Glands  
  194  12:59  Drone x5  
  199  13:09  Baneling Nest  
  185  13:36  Chitinous Plating  
  182  13:45  Ultralisk  
  182  13:46  Ultralisk x2  
  193  13:52  Spire x2  
  181  13:55  Burrow  
  181  14:02  Zerg Melee Weapons Level 2  
  163  14:03  Centrifugal Hooks  
  163  14:07  Extractor  
  163  14:08  Extractor  
  161  14:12  Ultralisk  
  161  14:13  Zergling x2  
  161  14:14  Zergling x36  
  186  14:22  Neural Parasite  
  186  14:28  Zergling x26  
  199  14:35  Spore Crawler x2  
  196  14:46  Spore Crawler x3  
  196  14:47  Spore Crawler  
  164  14:55  Anabolic Synthesis  
  158  15:03  Ultralisk x2  
  158  15:04  Ultralisk x2  
  180  15:13  Zergling x2  
  113  15:42  Infestor x3  
  108  15:48  Queen x3  
  118  15:57  Infestor x3  
  111  16:19  Ultralisk  
  129  16:31  Infestor x3  
  122  16:52  Infestor x4  
  120  17:01  Queen x2  
  120  17:18  Hatchery x2  
  118  17:23  Zerg Ground Armor Level 2  
  118  17:33  Overseer  
  118  18:25  Zergling x6  
  118  18:26  Zergling x6  
  124  18:33  Queen, Extractor  
  125  18:35  Extractor  
  88  19:22  Overlord x2  
  85  19:45  Hatchery  

Tags
 
Add a new tag
Caveats
  • Supply blocks, unpowered buildings, or Contaminate may cause inaccurate times.
  • Supply counts are checked every 10 seconds.